 Dungeon Crawl Stone Soup version 0.31-a0-590-g8a5a4361df (webtiles) character file.

Game seed: 7932753054295061784

42609 avis the Metamorph (level 14, -3/138 HPs)
             Began as a Merfolk Shapeshifter on Aug 19, 2023.
             Was an Initiate of Gozag.
             Slain by a bone dragon (4 damage)
             ... on level 2 of the Abyss on Aug 20, 2023.
             The game lasted 01:44:39 (20327 turns).

avis the Metamorph (Merfolk Shapeshifter)          Turns: 20327, Time: 01:44:39

Health: -3/138     AC: 14    Str: 21    XL:     14   Next: 20%
Magic:  0/23       EV: 19    Int:  7    God:    Gozag
Gold:   1598       SH:  0    Dex: 19    Spells: 13/13 levels left

rFire   . .          .
                       - Unarmed
rCold   . . .        (shield currently unavailable)
rNeg    + . .        p - melded +2 chain mail {rPois}
rPois   .            (helmet currently unavailable)
rElec   .            (cloak currently unavailable)
rCorr   .            (gloves currently unavailable)
SInv    +            (boots currently unavailable)
Will    ++...        z - amulet of guardian spirit
Stlth   +++          u - ring of Cowk {rN+ Will+ MP+9}
HPRegen 0.43/turn    q - ring of see invisible
MPRegen 0.18/turn

%: guardian spirit
@: snake-form, hasted, invisible, very quick
A: constrict, boosted hp, large, (nimble swimmer 2), (mertail)
a: Begin Untransformation, Renounce Religion, Potion Petition, Call Merchant,
Bribe Branch


You were on level 2 of the Abyss.
You worshipped Gozag.
Gozag was most pleased with you.
You were an enormous anaconda.
You visited 3 branches of the dungeon, and saw 15 of its levels.
You visited the Abyss 1 time.
You also visited: Ice Cave.

You collected 2324 gold pieces.
You spent 460 gold pieces at shops.
You paid 266 gold pieces to Gozag.

Inventory:

Hand Weapons
 b - a +1 battleaxe of freezing
 h - a +2 rapier of freezing
 r - a +0 triple crossbow of freezing
 J - a +1 longbow of flaming
Armour
 j - a +1 crystal plate armour of cold resistance
 p - a +2 chain mail of poison resistance (melded)
Jewellery
 d - a ring of positive energy
 k - a ring of positive energy
 l - a ring of protection from cold
 q - a ring of see invisible (right hand)
 u - the ring of Cowk (left hand) {rN+ Will+ MP+9}
   (You found it on level 4 of the Lair of Beasts)

   [ring of magical power]

   rN+:       It protects you from negative energy.
   Will+:     It increases your willpower.
   MP+9:      It affects your magic capacity (+9).
 w - a +6 ring of intelligence
 z - an amulet of guardian spirit (around neck)
Talismans
 o - a serpent talisman (active)
Wands
 v - a wand of flame (10)
 H - a wand of quicksilver (8)
 O - a wand of charming (25)
Scrolls
 a - a scroll of butterflies
 e - 2 scrolls of fog {unknown}
 g - a scroll of torment {unknown}
 t - a scroll of identify
 y - 2 scrolls of enchant armour
 A - 13 scrolls of teleportation
 B - a scroll of vulnerability
 C - 2 scrolls of revelation
 E - a scroll of poison
 F - a scroll of fear
 I - 4 scrolls of blinking
Potions
 c - a potion of invisibility
 f - 4 potions of curing
 m - 2 potions of mutation
 s - 2 potions of might
 x - 2 potions of enlightenment
 D - 2 potions of magic
 G - 2 potions of lignification


   Skills:
 + Level 12.0 Fighting
 + Level 14.1 Dodging
 - Level 6.0 Stealth
 + Level 12.2 Unarmed Combat
 * Level 16.6 Shapeshifting


You had 13 spell levels left.
You didn't know any spells.
Your spell library contained the following spells:

 Spells                   Type           Power      Damage    Failure   Level
 Freeze                   Ice            0%         1d3       43%         1
 Necrotise                Necr           0%         1d4       43%         1
 Sandblast                Erth           0%         2d4       43%         1
 Lesser Beckoning         Tloc           0%         N/A       56%         2
 Passwall                 Tmut/Erth      0%         N/A       56%         2
 Frozen Ramparts          Ice            0%         1d1       80%         3
 Gell's Gravitas          Tloc           0%         N/A       80%         3
 Hailstorm                Conj/Ice       0%         3d3       80%         3
 Portal Projectile        Hex/Tloc       0%         N/A       80%         3
 Stone Arrow              Conj/Erth      0%         3d7       80%         3
 Teleport Other           Tloc           0%         N/A       80%         3
 Tukima's Dance           Hex            0%         N/A       80%         3
 Vampiric Draining        Necr           0%         2d6       80%         3
 Iskenderun's Mystic Bla  Conj/Tloc      0%         2d3       99%         4
 Agony                    Necr           0%         N/A       100%        5
 Dispersal                Tloc           0%         N/A       100%        6


Dungeon Overview and Level Annotations

Branches:
Dungeon (9/15)             Temple (1/1) D:5            Lair (5/5) D:8
 Shoals (0/4) Lair:3        Snake (0/4) Lair:3        IceCv (visited)
  Slime: Lair:4-5       Orc: D:9-12

Altars:
Ashenzari
Cheibriados
Dithmenos
Elyvilon
Fedhas
Gozag
Hepliaklqana
Kikubaaqudgha
Makhleb
Nemelex Xobeh
Okawaru
Qazlal
Ru
Sif Muna
Trog
Uskayaw
Vehumet
Wu Jian
Xom
Yredelemnul
Zin
The Shining One
Jiyva

Shops:
D:1 [   D:3 ?   D:7 (

Annotations:
Lair:2 3 runed translucent doors, howech's ghost, journeyman MiBe
Lair:5 Sonja


Innate Abilities, Weirdness & Mutations

You are an enormous anaconda.
You have a powerful constriction melee attack.
Your maximum health is increased.
Your armour is entirely melded.
You are incapable of wielding weapons or throwing items.
((You are very nimble when in or above water. (Stealth+, EV+, Speed+++)))
((Your lower body shifts to a powerful aquatic tail in water.))


Message History

You hold your ground!
You hit the bone dragon.
The bone dragon is heavily damaged.
You hit the bone dragon but do no damage.
The bone dragon is heavily damaged.
The bone dragon completely misses you. The bone dragon claws you!
* * * LOW HITPOINT WARNING * * *
The bone dragon tramples you but does no damage.
You feel yourself speed up. The bone dragon bites you.
* * * LOW HITPOINT WARNING * * *
The bone dragon claws you but does no damage.
The bone dragon tramples you!
* * * LOW HITPOINT WARNING * * *
You hold your ground!
You body-slam the bone dragon!!
The bone dragon is heavily damaged.
The bone dragon closely misses you. The bone dragon claws you!
* * * LOW HITPOINT WARNING * * *
The bone dragon barely misses you.
You feel better.
You lash the bone dragon!
The bone dragon is heavily damaged.
The bone dragon bites you but does no damage.
The bone dragon claws you!
* * * LOW HITPOINT WARNING * * *
The bone dragon tramples you.
* * * LOW HITPOINT WARNING * * *
You hold your ground!
You feel better.
You barely miss the bone dragon.
The bone dragon is heavily damaged.
The bone dragon bites you!
* * * LOW HITPOINT WARNING * * *
The bone dragon claws you but does no damage.
The bone dragon tramples you but does no damage.
You fade into invisibility!
The bone dragon closely misses you. The bone dragon misses you.
The bone dragon tramples you.
You die...
Your body crumbles into a pile of gold.

# . # ##
###..### ##
..# ...#..##.
.# .. #.#.# .
. # . .
####.#.#...#
#.##....#..#.#
# ###......##
.#.#...### # .
##S.#
######D## ...
..... ....#..
.........
#....###...
##### ...#


You could see a bone dragon.

Vanquished Creatures
  A frost giant (IceCv)
  Nessos (Lair:5)
  3 hydras
  Harold (D:9)
  2 two-headed ogres (D:9)
  A centaur warrior (D:9)
  2 boulder beetles
  An anaconda (Lair:5)
  6 death yaks (IceCv)
  2 skysharks
  Nergalle (D:8)
  Pikel (D:9)
  A large abomination (Abyss:2)
  3 elephants (Lair:2)
  10 cane toads
  3 black mambas
  An ice statue (IceCv)
  A torpor snail (Lair:5)
  11 rime drakes
  9 komodo dragons
  A kobold demonologist (D:9)
  7 polar bears
  2 trolls (D:9)
  A hornet (D:9)
  8 blink frogs
  A spriggan (Lair:5)
  3 wyverns
  4 basilisks
  35 yaks
  A steam dragon (D:6)
  A vampire mosquito (D:9)
  3 wargs (D:7)
  3 nagas (Lair:3)
  13 water moccasins
  An orc warrior (D:6)
  A sky beast (D:7)
  7 black bears
  An ice beast (D:5)
  3 ogres
  A boggart (Lair:5)
  17 wolves
  8 centaurs
  A phantom (D:6)
  4 lemures (D:9)
  14 bullfrogs
  3 kobold brigands
  A gnoll sergeant (D:6)
  7 scorpions
  A wight (D:9)
  A small abomination (Abyss:2)
  4 killer bees (D:7)
  4 electric eels
  4 howler monkeys
  2 hounds
  A jelly (D:8)
  2 gnoll boudas
  3 orc priests
  5 iguanas (D:6)
  6 orc wizards
  8 gnolls
  6 adders
  A shadow imp (D:8)
  13 white imps
  3 ufetubi
  5 worms
  3 dart slugs
  21 orcs
  4 ball pythons
  6 bats
  4 endoplasms
  A giant cockroach (D:2)
  10 goblins
  6 hobgoblins
  7 jackals
  12 kobolds
  6 quokkas
  3 frilled lizards
  A rat (D:2)
  5 butterflies
371 creatures vanquished.

Vanquished Creatures (others)
  An adder (D:6)
1 creature vanquished.

Grand Total: 372 creatures vanquished

Notes
Turn   | Place    | Note
-------+----------+-------------------------------------------
     0 | D:1      | avis the Merfolk Shapeshifter began the quest for the Orb.
     0 | D:1      | Reached XP level 1. HP: 15/15 MP: 1/1
   150 | D:1      | Reached XP level 2. HP: 20/21 MP: 2/2
   514 | D:1      | Found Jeiwner's Armour Shop.
   548 | D:1      | Reached XP level 3. HP: 26/27 MP: 3/3
   651 | D:1      | Found a faded altar of an unknown god.
  1072 | D:2      | Found a sparkling altar of Nemelex Xobeh.
  1095 | D:2      | Reached XP level 4. HP: 27/34 MP: 4/4
  2387 | D:3      | Found Kaashrodgh's Magic Scroll Shoppe.
  3099 | D:3      | Reached XP level 5. HP: 41/41 MP: 5/5
  3320 | D:3      | HP: 2/61 [scorpion (5)]
  3322 | D:3      | Reached skill level 5 in Shapeshifting
  3590 | D:4      | Reached XP level 6. HP: 38/47 MP: 4/6
  4152 | D:3      | Bought 3 scrolls of identify for 60 gold pieces
  4152 | D:3      | Bought 2 scrolls of teleportation for 60 gold pieces
  4152 | D:3      | Bought a scroll of blinking for 75 gold pieces
  4194 | D:5      | Entered Level 5 of the Dungeon
  4261 | D:5      | Found a staircase to the Ecumenical Temple.
  4347 | D:5      | Identified the +1 flail of Woweri {flame, rF+ rC+ Str+3}
  4348 | D:5      | Noticed a black bear
  4357 | D:5      | Killed a black bear
  4358 | D:5      | Reached skill level 5 in Dodging
  4358 | D:5      | Reached skill level 6 in Shapeshifting
  4358 | D:5      | Reached XP level 7. HP: 12/54 MP: 1/7
  4398 | D:5      | Reached skill level 5 in Unarmed Combat
  5076 | D:5      | Reached skill level 7 in Shapeshifting
  5076 | D:5      | Reached XP level 8. HP: 56/61 MP: 6/8
  5548 | Temple   | Entered the Ecumenical Temple
  5624 | D:6      | Reached skill level 5 in Fighting
  6245 | D:6      | Reached skill level 8 in Shapeshifting
  6747 | D:6      | Found a bloodstained altar of Trog.
  6752 | D:6      | Reached XP level 9. HP: 60/69 MP: 6/9
  7016 | D:6      | Reached skill level 9 in Shapeshifting
  7304 | D:7      | Found Cupaabaw's Antique Weapon Emporium.
  7498 | D:7      | Reached skill level 1 in Stealth
  7967 | D:3      | Bought a scroll of identify for 20 gold pieces
  7967 | D:3      | Bought a scroll of fear for 40 gold pieces
  7967 | D:3      | Bought a scroll of vulnerability for 40 gold pieces
  8593 | D:7      | Reached skill level 10 in Shapeshifting
  8593 | D:7      | Reached XP level 10. HP: 79/79 MP: 8/10
  8846 | D:8      | Found a staircase to the Lair.
  9335 | D:8      | Found a hide-covered altar of Uskayaw.
  9337 | D:8      | Found a white marble altar of Elyvilon.
  9613 | D:9      | Noticed Pikel
  9637 | D:9      | Killed Pikel
  9704 | D:9      | Reached skill level 11 in Shapeshifting
  9810 | D:9      | Noticed a kobold demonologist
  9819 | D:9      | Killed a kobold demonologist
  9864 | D:9      | Noticed a two-headed ogre
  9870 | D:9      | Killed a two-headed ogre
  9875 | D:9      | Noticed a centaur warrior
  9875 | D:9      | Noticed a boulder beetle
  9890 | D:9      | Killed a boulder beetle
  9891 | D:9      | Reached XP level 11. HP: 50/87 MP: 3/11
  9893 | D:9      | Reached skill level 10 in Dodging
  9898 | D:9      | Killed a centaur warrior
  9899 | D:9      | Reached skill level 12 in Shapeshifting
 10174 | D:9      | Found a snail-covered altar of Cheibriados.
 10221 | D:9      | Paralysed by a hornet for 2 turns
 10380 | D:9      | Noticed a two-headed ogre
 10387 | D:9      | Killed a two-headed ogre
 10606 | D:9      | Noticed Harold
 10623 | D:9      | Killed Harold
 11039 | Lair:1   | Entered Level 1 of the Lair of Beasts
 11039 | Lair:1   | Noticed Nergalle
 11056 | D:8      | Killed Nergalle
 11373 | Lair:1   | Reached skill level 13 in Shapeshifting
 11856 | Lair:1   | Reached XP level 12. HP: 96/96 MP: 12/12
 12831 | Lair:2   | Identified the +0 dagger of the Maze {drain, rF+ rN+ Str+3
                  | Stlth-}
 13089 | Lair:2   | Reached skill level 10 in Unarmed Combat
 13371 | Lair:2   | Found a runed translucent gate.
 13371 | Lair:2   | Found a runed translucent gate.
 13371 | Lair:2   | Found a runed translucent gate.
 13438 | Lair:2   | Reached skill level 10 in Fighting
 13596 | Lair:2   | Noticed howech's ghost (journeyman MiBe)
 13888 | Lair:2   | Found a viscous altar of Jiyva.
 14154 | D:3      | Bought a scroll of enchant weapon for 75 gold pieces
 14154 | D:3      | Bought 3 scrolls of teleportation for 90 gold pieces
 14348 | Lair:3   | Found a staircase to the Snake Pit.
 14815 | Lair:3   | Reached skill level 5 in Stealth
 14815 | Lair:3   | Reached skill level 14 in Shapeshifting
 15489 | Lair:3   | Found a staircase to the Shoals.
 16279 | Temple   | Became a worshipper of Gozag Ym Sagoz the Greedy
 16614 | Lair:4   | Noticed an eight-headed hydra
 17046 | Lair:4   | Found a frozen archway.
 17160 | IceCv    | Entered an ice cave
 17170 | IceCv    | Reached XP level 13. HP: 68/104 MP: 10/13
 17272 | IceCv    | Reached skill level 15 in Shapeshifting
 17572 | IceCv    | Noticed a frost giant
 17664 | IceCv    | Killed a frost giant
 18571 | Lair:4   | Found a shimmering altar of Xom.
 18575 | Lair:4   | Identified the ring of Cowk {rN+ Will+ MP+9}
 19079 | Lair:5   | Entered Level 5 of the Lair of Beasts
 19191 | Lair:4   | Reached skill level 16 in Shapeshifting
 19643 | Lair:5   | Noticed Nessos
 19655 | Lair:5   | Reached XP level 14. HP: 106/114 MP: 14/14
 19694 | Lair:5   | Killed Nessos
 20204 | Lair:5   | Noticed Sonja
 20212 | Abyss:2  | Cast into level 2 of the Abyss (Sonja)
 20275 | Abyss:2  | Found a corrupted altar of Lugonu.
 20290 | Abyss:2  | Found a corrupted altar of Lugonu.
 20290 | Abyss:2  | Found a corrupted altar of Lugonu.
 20301 | Abyss:2  | Noticed a bone dragon
 20324 | Abyss:2  | HP: 6/138 [bone dragon (4)]
 20326 | Abyss:2  | HP: 1/138 [bone dragon (12)]
 20327 | Abyss:2  | Slain by a bone dragon

Illustrated notes

Levels and vault maps discovered:
D:1:      saegor_arrival_simple_e, layout_loops_ring,
          shapermc_ecumenical_altar_mp_vishouse, serial_shops,
          nicolae_shop_advertising_works [nicolae_subvault_shop_adworks]
D:2:      layout_basic, basic_altar
D:3:      layout_basic, serial_shops, shop
D:4:      layout_rooms
D:5:      layout_loops_ring, minmay_temple_entry_large_hall,
          hangedman_abyss_or_decor_stabs, chequers_serial_rivers_micro_b
D:6:      layout_basic, trog_butcher_becter
D:7:      layout_gridville, serial_shops, shop
D:8:      layout_basic, nicolae_overflow_hidden_temple,
          erik_lair_orcish_takeover, roderic_roman_lattice
D:9:      layout_gridville, cheibrodos_worm_habitat, minmay_the_grid_2x2
          [minmay_the_grid_small_cups, minmay_the_grid_outer_diamond,
          minmay_the_grid_minigrid_small_alt,
          minmay_the_grid_prize_inner_circle], uniq_harold, uniq_pikel
Temple:   regret_index_temple_chain_breaker
Lair:1:   layout_layer_cave, grunt_megastairs_4, infiniplex_staircase_pool,
          lemuel_fruit_fields, uniq_nergalle
Lair:2:   layout_gridlike, gammafunk_ghost_ooze, st_stairs_9,
          chequers_serial_rivers_small_a, disabler_island, grunt_megastairs_5
Lair:3:   layout_cave_pods, shoals_dummy_entry,
          minmay_snake_entry_guardpost_small, nicolae_lair_lil_pond,
          gammafunk_lair_bear_cave, lemuel_fruit_fields
Lair:4:   layout_loops_ring, basic_altar, portal_ice_cave_entry_imps,
          st_stairs_6
Lair:5:   minmay_lair_end_enchanted_forest, layout_long_grid, slime_entry_1,
          serial_bayou_shore_a, lemuel_fruit_fields, uniq_sonja, uniq_nessos
Abyss:2:  base:
D:7

Skill      XL: |  1  2  3  4  5  6  7  8  9 10 11 12 13 14 |
---------------+-------------------------------------------+-----
Dodging        | 3 4 5 7 8 9 11 12 13 14 | 14.1
Fighting       | 2 3 4 5 7 8 9 10 11 12 | 12.0
Unarmed Combat | 4 5 6 7 8 9 10 11 12 | 12.2
Shapeshifting  | 5 6 7 8 10 11 13 14 16 | 16.6
Stealth        | 2 4 6 |  6.0

Action                     |  1- 3 |  4- 6 |  7- 9 | 10-12 | 13-15 || total
---------------------------+-------+-------+-------+-------+-------++-------
  Melee: Unarmed           |    75 |   182 |   273 |   442 |   327 ||  1299
         Punch             |     2 |       |       |       |       ||     2
         Constrict         |       |       |    19 |    99 |    70 ||   188
  Evoke: Wand              |       |       |       |     2 |     7 ||     9
    Use: Potion            |       |     2 |       |     1 |     6 ||     9
         Scroll            |       |    10 |     3 |     3 |       ||    16
   Stab: Sleeping          |     6 |     2 |       |    12 |     7 ||    27
         Distracted        |       |       |       |     2 |     3 ||     5
 Armour: Animal skin       |     4 |    15 |       |       |       ||    19
         Skin              |       |     3 |    29 |   147 |   116 ||   295
         Ring mail         |       |       |    30 |       |       ||    30
         Chain mail        |       |       |    62 |       |       ||    62
  Dodge: Dodged            |    39 |   106 |   186 |   277 |   244 ||   852
  Block: Buckler           |       |    39 |     2 |       |       ||    41
         Reflection        |       |     4 |       |       |       ||     4
   Form: Flux              |       |       |     2 |       |       ||     2
                           |       |       |     3 |     1 |       ||     4
         Anaconda          |       |       |     3 |     1 |       ||     4

Table legend: (Time is in decaauts)
 A = Elapsed time spent in this place.
 B = Non-inter-level travel time spent in this place.
 C = Inter-level travel time spent in this place.
 D = Time resting spent in this place.
 E = Time spent auto-exploring this place.
 F = Levels seen in this place.
 G = Mean time per level.
                   A        B        C        D        E       F      G
               +--------+--------+--------+--------+--------+-----+--------+
         Total |  20201 |  17356 |   2845 |   4564 |   8309 |  17 | 1188.3 |
       Dungeon |  11488 |   9348 |   2140 |   2128 |   4900 |   9 | 1276.4 |
        Temple |    214 |    132 |     82 |     39 |      0 |   1 |  214.0 |
          Lair |   7308 |   6686 |    622 |   1809 |   3409 |   5 | 1461.6 |
         Abyss |    107 |    107 |      0 |      2 |      0 |   1 |  107.0 |
      Ice Cave |   1084 |   1084 |      0 |    586 |      0 |   1 | 1084.0 |
               +--------+--------+--------+--------+--------+-----+--------+

Top non-repeatable levels by time:
  Lair:1: 1911 daAuts
  Lair:3: 1700 daAuts
     D:3: 1610 daAuts
  Lair:2: 1549 daAuts
     D:6: 1490 daAuts
     D:5: 1444 daAuts
     D:7: 1442 daAuts
     D:9: 1424 daAuts
  Lair:4: 1370 daAuts
     D:2: 1117 daAuts
     D:8: 1087 daAuts
   IceCv: 1084 daAuts
     D:1: 973 daAuts
     D:4: 897 daAuts
  Lair:5: 776 daAuts
